Map: [ESL] NeoHumanity

Players

DnS

  • Race: Protoss Protoss
  • Spawn Location: 5:00

SKillous - Winner!

  • Race: Protoss Protoss
  • Spawn Location: 11:00

Event: ESL SC2 Masters 2023 Summer (Regionals)

VOD

Have the link to the VOD?

Description

Time

  • Played on: May 18, 2023, 11:53 a.m.
  • Length: 11:46

All games in this series

Show
View Real Time Build Order
Export as new Build Order

DnS Protoss 

Build Orders: Oracle Opening 

Get SALT Encoding   

  12  0:00  Probe  
  13  0:12  Probe  
  14  0:16  Pylon  
  14  0:24  Probe (Chrono Boost)  
  15  0:37  Probe (Chrono Boost), Gateway  
  16  0:44  Probe (Chrono Boost)  
  16  0:45  Assimilator  
  17  0:51  Probe  
  17  0:54  Assimilator  
  18  1:03  Probe (Chrono Boost)  
  19  1:07  Gateway  
  19  1:12  Probe (Chrono Boost)  
  19  1:17  Probe (Chrono Boost)  
  20  1:24  Cybernetics Core  
  21  1:29  Probe  
  22  1:35  Pylon  
  22  1:41  Probe  
  23  1:53  Probe  
  24  2:01  Stalker x2  
  28  2:03  Warp Gate  
  28  2:13  Pylon  
  28  2:26  Stargate  
  28  2:28  Pylon  
  28  3:02  Nexus  
  28  3:04  Probe  
  29  3:07  Oracle (Chrono Boost)  
  32  3:19  Shield Battery  
  32  3:23  Probe  
  32  3:24  Shield Battery  
  33  3:34  Twilight Council  
  33  3:35  Probe  
  33  3:38  Oracle (Chrono Boost)  
  36  3:50  Pylon  
  36  3:57  Stalker  
  36  4:08  Probe, Blink (Chrono Boost)  
  37  4:10  Pylon  
  37  4:12  Stalker  
  37  4:17  Probe (Chrono Boost)  
  40  4:29  Probe (Chrono Boost)  
  40  4:30  Probe (Chrono Boost)  
  42  4:35  Probe (Chrono Boost)  
  42  4:38  Probe (Chrono Boost)  
  44  4:42  Stalker  
  44  4:43  Probe, Stalker  
  49  4:48  Pylon  
  49  4:50  Probe  
  50  4:58  Probe, Gateway  
  51  5:06  Probe  
  52  5:08  Stalker  
  52  5:11  Stalker  
  52  5:13  Probe  
  57  5:18  Shield Battery  
  57  5:19  Probe  
  58  5:25  Probe  
  59  5:33  Stalker  
  61  5:36  Pylon, Stalker  
  61  5:38  Probe  
  62  5:46  Probe  
  63  5:55  Gateway, Stalker  
  63  5:56  Stalker  
  67  6:09  Stalker  
  67  6:11  Probe  
  70  6:15  Probe  
  71  6:18  Pylon  
  71  6:20  Stalker x2  
  71  6:23  Probe  
  76  6:31  Probe  
  77  6:35  Nexus  
  74  6:42  Probe  
  74  6:43  Probe  
  74  6:44  Stalker x3, Assimilator  
  74  6:57  Probe  
  71  7:02  Stalker  
  71  7:04  Probe  
  74  7:08  Pylon  
  74  7:09  Probe, Stalker x3  
  74  7:15  Pylon  
  81  7:16  Probe  
  80  7:23  Probe  
  80  7:28  Probe  
  80  7:33  Stalker x3  
  80  7:34  Stalker  
  80  7:36  Probe  
  89  7:40  Probe  
  89  7:43  Forge  
  90  7:48  Probe  
  89  7:58  Stalker x4  
  89  8:01  Probe  
  92  8:11  Probe  
  89  8:15  Probe  
  88  8:21  Probe  
  88  8:22  Stalker x4  
  88  8:23  Probe, Protoss Ground Weapons Level 1 (Chrono Boost)  
  88  8:25  Assimilator  
  98  8:27  Probe, Pylon  
  98  8:28  Assimilator  
  98  8:33  Probe  
  88  8:48  Stalker x4  
  96  8:56  Nexus  
  96  9:00  Charge (Chrono Boost)  
  96  9:03  Gateway  
  96  9:05  Gateway  
  82  9:18  Stalker x4  
  82  9:33  Probe x2, Robotics Facility, Gateway  
  82  9:34  Gateway  
  82  9:35  Photon Cannon  
  82  9:37  Photon Cannon  
  76  9:41  Stalker x4  
  78  9:47  Shield Battery  
  78  9:55  Pylon  
  78  9:58  Pylon  
  78  10:01  Probe  
  78  10:02  Probe x2  
  78  10:05  Stalker x4  
  89  10:14  Dark Shrine, Probe  
  89  10:15  Probe  
  89  10:17  Probe x2  
  89  10:19  Shield Battery  
  93  10:27  Stalker  
  96  10:31  Stalker x4  
  102  10:36  Stalker x2  
  97  10:44  Shield Battery  
  87  10:54  Stalker x5  
  90  11:07  Stalker x2  
  87  11:16  Nexus  
  87  11:17  Shield Battery  
  87  11:23  Zealot  
  89  11:26  Dark Templar  
  89  11:27  Zealot x2  
  89  11:30  Stalker  
  93  11:35  Zealot x2  
Show
View Real Time Build Order
Export as new Build Order

SKillous Protoss - Winner!

Build Orders: Blink Stalkers 

Get SALT Encoding   

  12  0:00  Probe  
  13  0:12  Probe  
  14  0:18  Pylon  
  14  0:24  Probe (Chrono Boost)  
  15  0:36  Probe (Chrono Boost)  
  15  0:38  Gateway  
  16  0:45  Probe (Chrono Boost), Assimilator  
  17  0:50  Probe  
  17  0:54  Assimilator  
  18  1:03  Probe (Chrono Boost)  
  19  1:07  Gateway  
  20  1:12  Probe (Chrono Boost)  
  20  1:17  Probe (Chrono Boost)  
  20  1:24  Cybernetics Core  
  21  1:29  Probe  
  22  1:33  Pylon  
  22  1:41  Probe  
  23  1:53  Probe  
  24  2:00  Adept, Stalker  
  24  2:01  Warp Gate  
  28  2:05  Probe  
  29  2:12  Pylon  
  29  2:17  Probe  
  30  2:29  Probe  
  31  2:30  Stalker  
  31  2:32  Stalker  
  35  2:45  Probe  
  35  2:46  Twilight Council  
  36  2:57  Probe  
  37  3:09  Probe  
  38  3:19  Nexus, Blink (Chrono Boost)  
  38  3:22  Pylon  
  38  3:29  Probe  
  37  3:41  Probe  
  38  3:49  Stalker x2  
  38  3:54  Probe  
  43  4:01  Robotics Facility  
  42  4:06  Probe  
  43  4:14  Stalker  
  43  4:16  Stalker  
  47  4:30  Probe  
  49  4:31  Probe  
  45  4:42  Stalker  
  45  4:43  Probe (Chrono Boost), Stalker  
  51  4:47  Probe (Chrono Boost)  
  51  4:49  Observer  
  53  4:53  Probe (Chrono Boost)  
  53  4:57  Probe (Chrono Boost)  
  53  4:58  Probe (Chrono Boost)  
  54  5:00  Pylon  
  54  5:07  Probe  
  56  5:09  Probe, Stalker x2  
  61  5:19  Probe  
  62  5:22  Probe  
  62  5:27  Nexus  
  63  5:33  Stalker  
  63  5:34  Stalker  
  67  5:44  Probe (Chrono Boost)  
  67  5:45  Probe (Chrono Boost)  
  69  5:50  Gateway  
  69  5:51  Forge  
  69  5:55  Assimilator  
  69  5:56  Probe (Chrono Boost)  
  70  5:59  Pylon  
  70  6:07  Probe (Chrono Boost)  
  70  6:08  Probe  
  70  6:11  Pylon  
  70  6:15  Pylon, Immortal (Chrono Boost)  
  70  6:16  Stalker  
  74  6:22  Protoss Ground Weapons Level 1 (Chrono Boost)  
  74  6:33  Stalker  
  74  6:34  Probe  
  74  6:37  Shield Battery  
  74  6:38  Pylon  
  77  6:40  Stalker  
  77  6:43  Probe  
  77  6:47  Probe x2  
  81  6:50  Stalker  
  78  6:56  Probe (Chrono Boost)  
  78  6:58  Stalker  
  78  6:59  Probe (Chrono Boost)  
  73  7:02  Probe (Chrono Boost)  
  74  7:09  Sentry  
  74  7:12  Probe (Chrono Boost)  
  74  7:13  Probe (Chrono Boost)  
  74  7:15  Probe (Chrono Boost), Gateway  
  78  7:17  Probe (Chrono Boost)  
  78  7:18  Gateway  
  78  7:19  Probe, Gateway  
  78  7:20  Stalker  
  80  7:27  Stalker  
  80  7:28  Immortal (Chrono Boost)  
  82  7:31  Probe  
  82  7:34  Probe  
  82  7:35  Shield Battery  
  88  7:38  Shield Battery  
  88  7:39  Stalker  
  88  7:44  Assimilator  
  90  7:46  Stalker  
  90  7:51  Probe  
  89  7:55  Probe  
  89  7:56  Stalker  
  89  7:57  Probe  
  86  8:03  Probe  
  86  8:04  Immortal (Chrono Boost)  
  85  8:07  Probe  
  85  8:08  Stalker  
  85  8:09  Probe  
  81  8:15  Probe  
  81  8:17  Stalker x2  
  81  8:19  Probe  
  87  8:21  Probe, Protoss Ground Weapons Level 2 (Chrono Boost), Stalker  
  90  8:27  Probe  
  90  8:31  Pylon  
  91  8:34  Stalker  
  91  8:40  Stalker  
  87  8:43  Probe x2  
  87  8:47  Stalker x2  
  85  8:51  Photon Cannon  
  84  8:58  Stalker x2  
  84  9:00  Probe  
  84  9:01  Probe x2  
  88  9:06  Observer  
  83  9:10  Stalker x2  
  83  9:13  Probe  
  83  9:14  Stalker  
  88  9:21  Stalker  
  88  9:22  Stalker  
  92  9:25  Stalker  
  89  9:32  Warp Prism (Chrono Boost)  
  89  9:38  Stalker x3  
  96  9:51  Stalker  
  98  9:53  Photon Cannon  
  98  9:54  Nexus  
  98  10:01  Pylon  
  98  10:02  Stalker x2  
  98  10:06  Assimilator  
  102  10:08  Stalker  
  102  10:09  Stalker  
  106  10:16  Stalker x2  
  110  10:34  Stalker x3  
  110  10:35  Stalker  
  118  10:39  Probe  
  117  10:43  Probe  
  114  10:50  Probe  
  114  10:51  Probe  
  114  10:54  Observer  
  114  10:55  Probe  
  114  10:56  Photon Cannon  
  115  11:00  Stalker x4  
  115  11:01  Stalker  
  115  11:02  Probe  
  115  11:03  Probe  
  117  11:08  Probe  
  117  11:09  Probe  
  115  11:12  Stalker  
  117  11:19  Gateway x2  
  117  11:21  Forge  
  117  11:32  Stalker x4  
  121  11:37  Photon Cannon  
  116  11:41  Shield Battery  
Tags
 
Add a new tag
Caveats
  • Supply blocks, unpowered buildings, or Contaminate may cause inaccurate times.
  • Supply counts are checked every 10 seconds.